 Dungeon Crawl Stone Soup version 0.28-a0-511-gcc94558de3 (webtiles) character file.

Game seed: 18058002256842852775

56 Sweetruy1997 the Skirmisher (level 3, -7/30 HPs)
             Began as a Demonspawn Chaos Knight on Sept 21, 2021.
             Was a Plaything of Xom.
             Mangled by an iguana (9 damage)
             ... on level 2 of the Dungeon.
             The game lasted 00:04:01 (1693 turns).

Sweetruy1997 the Skirmisher (DsCK)                  Turns: 1693, Time: 00:04:03

Health: -7/30      AC:  7    Str: 12    XL:     3   Next: 71%
Magic:  2/4        EV: 11    Int: 14    God:    Xom [..*...]
Gold:   75         SH:  0    Dex: 12    Spells: 1/4 levels left

rFire   . . .      SeeInvis .   a - +0 hand axe (chaos)
rCold   . . .      Faith    .   (no shield)
rNeg    . . .      Spirit   .   b - +2 leather armour
rPois   .          Reflect  .   g - +2 hat
rElec   .          Harm     .   (no cloak)
rCorr   .          Rampage  .   (no gloves)
Will    .....                   (no boots)
Stlth   +.........              c - amulet of magic regeneration
HPRegen 0.10/turn               (no ring)
MPRegen 0.34/turn               (no ring)

@: no status effects
A: demonic guardian 1, ignite blood 1
a: Renounce Religion


You were on level 2 of the Dungeon.
You worshipped Xom.
You were a toy of Xom.
You visited 1 branch of the dungeon, and saw 2 of its levels.

You collected 75 gold pieces.

Inventory:

Hand Weapons
 a - a +0 hand axe of chaos (weapon)
Armour
 b - a +2 leather armour (worn)
 g - a +2 hat (worn)
Jewellery
 c - an amulet of magic regeneration (around neck)
Scrolls
 f - a scroll of noise {unknown}
 h - a scroll of identify {unknown}
 i - a scroll of enchant armour {unknown}
 j - a scroll of brand weapon {unknown}
Potions
 d - a potion of ambrosia {unknown}
 e - a potion of flight {unknown}


   Skills:
 + Level 3.7 Fighting
 + Level 3.2 Axes
 + Level 1.8 Armour
 - Level 1.0 Dodging
 + Level 1.0 Spellcasting
 + Level 0.5 Ice Magic


You had one spell level left.
You knew the following spells:

 Your Spells              Type           Power      Damage    Failure   Level
a - Freeze                Ice            8%         1d3       26%         1
b - Blink                 Tloc           N/A        N/A       45%         2

Your spell library contained the following spells:

 Spells                   Type           Power      Damage    Failure   Level
 Frozen Ramparts          Ice            4%         1d2       63%         3
 Lesser Beckoning         Tloc           0%         N/A       69%         3
 Hailstorm                Conj/Ice       1%         3d3       96%         4
 Manifold Assault         Tloc           0%         N/A       100%        5


Dungeon Overview and Level Annotations

Branches:
Dungeon (2/15)

Altars:

Shops:
D:2 (


Innate Abilities, Weirdness & Mutations

A weak demonic guardian rushes to your aid.
Your demonic aura sometimes causes spilled blood to erupt in flames.


Message History

You hit the iguana.
The iguana flickers and vanishes!
Deactivating autopickup; reactivate with Ctrl-A.
You hit something. Something bites you but does no damage.
Something bites you but does no damage.
You barely miss something. Something bites you but does no damage.
You miss something.
Something bites you but does no damage. x2
You closely miss something. Something bites you.
* * * LOW HITPOINT WARNING * * *
You hit something but do no damage. Something bites you!
* * * LOW HITPOINT WARNING * * *
A demonic guardian appears!
You swap places.
Something bites your white imp!
An iguana appears from thin air!
Reactivating autopickup.
The iguana bites your white imp.
Your white imp dies!
Your white imp disappears in a puff of smoke!
An iguana is nearby!
You are too injured to fight recklessly!
You are too injured to fight recklessly!
Unknown command.
You are too injured to fight recklessly!
You are too injured to fight recklessly!
Casting: Freeze (safe; 26% risk of failure)
Confirm with . or Enter, or press ? or * to list all spells.
Aiming: Freeze (safe; 26% risk of failure)
Press: ? - help, Shift-Dir - straight line, f - iguana
Aim: an iguana (heavily wounded)
You freeze the iguana.
The iguana is severely wounded.
The iguana seems to slow down.
Casting: Freeze (safe; 26% risk of failure)
Confirm with . or Enter, or press ? or * to list all spells.
Aiming: Freeze (safe; 26% risk of failure)
Press: ? - help, Shift-Dir - straight line, f/p - iguana
Aim: an iguana (severely wounded, slow)
You freeze the iguana.
The iguana is almost dead.
The iguana seems to slow down.
The iguana bites you!
You die...

#.# #......# #.#
#....# #.###
#†#.## #...# #.#.#
###.# #.#.# #.#
##.#.. #.# ##.#.##
#.##########.###..
#......@l.....#
...#
#.############.#
..# ##########.#
## ..#
#..........# .#
...........# .#
#.########.# #.#
#.# #.########.#
.........


You could see an iguana (slow).

Vanquished Creatures
  An adder (D:2)
  2 dart slugs
  2 endoplasms (D:1)
  2 giant cockroaches
  3 goblins (D:1)
  6 hobgoblins
  2 quokkas (D:2)
  3 ball pythons (D:1)
  7 bats
  6 frilled lizards
  4 kobolds (D:1)
  3 rats
41 creatures vanquished.

Vanquished Creatures (collateral kills)
  A dart slug (D:1)
1 creature vanquished.

Grand Total: 42 creatures vanquished

Notes
Turn   | Place    | Note
-------+----------+-------------------------------------------
     0 | D:1      | Sweetruy1997 the Demonspawn Chaos Knight began the quest
                  | for the Orb.
     0 | D:1      | Reached XP level 1. HP: 18/18 MP: 1/1
   189 | D:1      | Gained mutation: A weak demonic guardian rushes to your
                  | aid. [demonic ancestry]
   189 | D:1      | Reached XP level 2. HP: 20/24 MP: 2/2
   308 | D:1      | Learned a level 1 spell: Freeze
   647 | D:1      | XOM: divination: magic mapping
   789 | D:1      | XOM: divination: detect items
   796 | D:1      | Gained mutation: Your demonic aura sometimes causes spilled
                  | blood to erupt in flames. [demonic ancestry]
   796 | D:1      | Reached XP level 3. HP: 24/30 MP: 3/3
  1236 | D:2      | Found Iceabb's Weapon Shop.
  1240 | D:2      | Learned a level 2 spell: Blink
  1611 | D:2      | Reached skill level 1 in Dodging
  1611 | D:2      | Reached skill level 1 in Spellcasting
  1686 | D:2      | HP: 1/30 [something (7)]
  1693 | D:2      | Mangled by an iguana

Illustrated notes

Levels and vault maps discovered:
D:1:      mainiacjoe_arrival_reflecting_pool, layout_loops_ring, minmay_cut_off
D:2:      layout_loops_ring, serial_shops, nicolae_shop_behind_doors, shop,
          shop, shop

Skill      XL: |  1  2  3 |
---------------+----------+-----
Axes           | 3 |  3.2
Dodging        | 1 |  1.0
Spellcasting   | 1 |  1.0
Fighting       | |  3.7
Armour         | |  1.8
Ice Magic      | |  0.5

Action                   || total
-------------------------++-------
Melee: Hand axe          ||    97
 Cast: Freeze            ||    27
 Stab: Paralysed         ||     2
Armor: Leather armour    ||    65
Dodge: Dodged            ||    94

Table legend: (Time is in decaauts)
 A = Elapsed time spent in this place.
 B = Non-inter-level travel time spent in this place.
 C = Inter-level travel time spent in this place.
 D = Time resting spent in this place.
 E = Time spent auto-exploring this place.
 F = Levels seen in this place.
 G = Mean time per level.
                   A        B        C        D        E       F      G
               +--------+--------+--------+--------+--------+-----+--------+
         Total |   1706 |   1683 |     23 |      0 |   1358 |   2 |  853.0 |
       Dungeon |   1706 |   1683 |     23 |      0 |   1358 |   2 |  853.0 |
               +--------+--------+--------+--------+--------+-----+--------+

Top non-repeatable levels by time:
     D:1: 1174 daAuts
     D:2: 532 daAuts
